 Dungeon Sprint DCSS version 0.17-a0-1753-g75d4604 (webtiles) character file.

238 Kidiri the Covert (level 5, -4/23 (24) HPs)
             Began as a Spriggan Enchanter on Sept 2, 2015.
             Slain by a necrophage (7 damage)
             ... in the Dungeon (Sprint II: "The Violet Keep of Menkaure").
             The game lasted 00:00:38 (40 turns).

Kidiri the Covert (Spriggan Enchanter)                Turns: 40, Time: 00:00:38

HP:   -4/23 (24)    AC:  3    Str:  4    XL:     5   Next: 78%
MP:   6/16          EV: 25    Int: 17    God:
Gold: 243           SH:  0    Dex: 17    Spells: 1 memorised, 18 levels left

rFire  . . .     SeeInvis +     a - +1 dagger
rCold  . . .     Clarity  .     b - +1 robe
rNeg   . . .     SustAt   .     (shield restricted)
rPois  .         Gourm    .     (helmet restricted)
rElec  .         Spirit   .     (no cloak)
rCorr  .         Warding  .     (gloves unavailable)
rMut   .         NoTele   +     (boots unavailable)
MR     .....                    (no amulet)
Stlth  +++++.....               (no ring)
                                (no ring)

@: exhausted, slowed, quick, not resistant to hostile enchantments, quite
stealthy
A: unfitting armour, see invisible, herbivore 3, speed 3, slow metabolism 2
a: no special abilities


You were in the Dungeon.
You were not hungry.

You visited 1 branch You collected 243 gold pieces.

Inventory:

Hand weapons
 a - a +1 dagger (weapon)
Armour
 b - a +1 robe (worn)
Scrolls
 j - a scroll of blinking
Potions
 e - a potion of curing
 f - a potion of heal wounds
 g - a potion of haste
 h - 2 potions of magic
Books
 c - a book of Maledictions

   Spells                             Type                      Level
   a - Corona                         Hexes                        1
   b - Ensorcelled Hibernation        Hexes/Ice                    2
   c - Confuse                        Hexes                        3
   d - Tukima's Dance                 Hexes                        3
   e - Dazzling Spray                 Conjuration/Hexes            3
Comestibles
 d - a bread ration


   Skills:
 + Level 4.6 Short Blades
 * Level 9.1 Dodging
 * Level 10.2 Stealth
 * Level 7.7 Spellcasting
 + Level 6.1 Hexes


You had 18 spell levels left.
You knew the following spells:

 Your Spells              Type           Power        Failure   Level  Hunger
a - Corona                Hex            ####...      1%          1    None


Dungeon Overview and Level Annotations

Branches:
Dungeon (1/1)

Altars:


Innate Abilities, Weirdness & Mutations

You are tiny and cannot use many weapons and most armour.
You have supernaturally acute eyesight.
You are a herbivore.
You cover ground extremely quickly.
You need consume almost no food.


Message History

The necrophage is severely damaged.
You are no longer berserk.
You are exhausted.
You feel yourself slow down. The necrophage completely misses you.
You hit the necrophage but do no damage.
The necrophage is severely damaged.
The necrophage hits you but does no damage.
Unknown command.
You hit the necrophage.
The necrophage is severely damaged.
The necrophage hits you.
* * * LOW HITPOINT WARNING * * *
You hit the necrophage but do no damage.
The necrophage is severely damaged.
The necrophage completely misses you. The necrophage misses you.
Unknown command.
Found 243 gold pieces.
You see here 243 gold pieces.
You now have 243 gold pieces.
The necrophage hits you!
You die...

... # #+#
#.a###.##
#$+.<.+
#.a###.##
# ##'##
##†#.##
#..#n.#
##.@.##
##+##


You could see a necrophage.

Vanquished Creatures
  3 necrophages (D)
3 creatures vanquished.

Notes
Turn   | Place    | Note
--------------------------------------------------------------
     0 | D        | Kidiri the Spriggan Enchanter began the quest for the Orb.
     0 | D        | Reached XP level 1. HP: 9/9 MP: 5/5
     1 | D        | Noticed a siren
     4 | D        | Noticed a worker ant
     4 | D        | Noticed a worker ant
     7 | D        | Noticed a necrophage
     7 | D        | Noticed a necrophage
     7 | D        | Noticed a necrophage
     7 | D        | Noticed a necrophage
    20 | D        | Killed a necrophage
    20 | D        | Reached skill level 6 in Dodging
    20 | D        | Reached skill level 7 in Stealth
    20 | D        | Reached skill level 5 in Spellcasting
    20 | D        | Reached skill level 5 in Hexes
    20 | D        | Reached XP level 2. HP: 7/12 MP: 3/9
    20 | D        | Reached XP level 3. HP: 8/15 MP: 3/11
    20 | D        | Reached XP level 4. HP: 10/20 MP: 3/12
    24 | D        | Killed a necrophage
    24 | D        | Reached skill level 8 in Dodging
    24 | D        | Reached skill level 9 in Stealth
    24 | D        | Reached XP level 5. HP: 11/23 MP: 4/15
    29 | D        | Killed a necrophage
    29 | D        | Reached skill level 10 in Stealth
    40 | D        | Slain by a necrophage

Vault maps used:
D:        the_violet_keep_of_menkaure

Action                   |  1- 3 |  4- 6 || total
-------------------------+-------+-------++-------
Melee: Dagger            |     9 |    15 ||    24
 Cast: Corona            |     2 |       ||     2
  Use: Potion            |     1 |       ||     1
